 Dungeon Crawl Stone Soup version 0.26.1-2-gb8aa6d0cf2 (webtiles) character file.

Game seed: 7640867190690508282

67 Alarak the Covered (level 4, -2/41 HPs)
             Began as a Gnoll Wanderer on Mar 21, 2021.
             Killed from afar by an orc wizard (5 damage)
             ... with a puff of flame
             ... on level 2 of the Dungeon.
             The game lasted 00:03:00 (1791 turns).

Alarak the Covered (Gnoll Wanderer)                 Turns: 1791, Time: 00:03:01

Health: -2/41      AC:  6    Str: 16    XL:     4   Next: 18%
Magic:  5/5        EV: 11    Int: 14    God:
Gold:   81         SH:  0    Dex: 14    Spells: 5/5 levels left

rFire    . . .     SeeInvis .   h - +0 short sword
rCold    . . .     Faith    .   (no shield)
rNeg     . . .     Spirit   .   c - +0 ring mail
rPois    .         Reflect  .   (no helmet)
rElec    .         Harm     .   (no cloak)
rCorr    .         Rampage  .   (no gloves)
Will     .....                  (no boots)
Stlth    +.........             (no amulet)
HPRegen  0.13/turn              (no ring)
MPRegen  0.09/turn              (no ring)

@: no status effects
A: distributed training, fangs 1, strong nose
a: no special abilities


You were on level 2 of the Dungeon.
You visited 1 branch of the dungeon, and saw 2 of its levels.

You collected 81 gold pieces.

Inventory:

Hand Weapons
 a - a +2 shortbow
 h - a +0 short sword (weapon)
Missiles
 b - 16 arrows
 k - 8 atropa-tipped darts (quivered)
 m - 17 poisoned darts
Armour
 c - a +0 ring mail (worn)
Scrolls
 d - 2 scrolls of teleportation
 e - 3 scrolls of blinking {unknown}
 g - a scroll of enchant armour {unknown}
 i - 3 scrolls of identify {unknown}
 l - a scroll of amnesia {unknown}
Potions
 f - a potion of lignification {unknown}
 j - a potion of flight {unknown}


   Skills:
 + Level 6.6 Fighting
 + Level 1.0 Short Blades
 + Level 1.0 Long Blades
 + Level 1.0 Axes
 + Level 1.0 Maces & Flails
 + Level 1.0 Polearms
 + Level 1.0 Staves
 + Level 1.0 Slings
 + Level 4.6 Bows
 + Level 1.0 Crossbows
 + Level 1.0 Throwing
 + Level 6.6 Armour
 + Level 1.0 Dodging
 + Level 2.5 Stealth
 + Level 2.7 Shields
 + Level 1.0 Unarmed Combat
 + Level 1.0 Spellcasting
 + Level 0.8 Conjurations
 + Level 0.8 Hexes
 + Level 0.8 Summonings
 + Level 0.8 Necromancy
 + Level 0.8 Translocations
 + Level 0.8 Transmutations
 + Level 0.8 Fire Magic
 + Level 0.8 Ice Magic
 + Level 0.8 Air Magic
 + Level 0.8 Earth Magic
 + Level 0.8 Poison Magic
 + Level 1.1 Invocations
 + Level 1.0 Evocations


You had 5 spell levels left.
You didn't know any spells.
Your spell library was empty.

Dungeon Overview and Level Annotations

Branches:
Dungeon (2/15)

Altars:


Innate Abilities, Weirdness & Mutations

Your experience applies equally to all skills.
You have very sharp teeth.
Your uncanny sense of smell can sniff out nearby items.


Message History

You closely miss the orc wizard.
The orc wizard is severely wounded.
The orc wizard hits you but does no damage.
You see here a bat corpse.
You feel less confused. The orc wizard casts a spell at you.
The puff of flame misses you.
The orc wizard hits you but does no damage.
You barely miss the orc wizard.
The orc wizard is severely wounded.
The orc wizard hits you with a +0 dagger.
* * * LOW HITPOINT WARNING * * *
You barely miss the orc wizard.
The orc wizard is severely wounded.
The orc wizard misses you.
You hit the orc wizard but do no damage.
The orc wizard is severely wounded.
The orc wizard gestures at you while chanting.
The puff of flame hits you.
You die...

.# ##.#..#..# ##.## .#
#.#..###..# #...# .#
##.†##.##..##.### .# ###
#..##...##..#.# .##.....
#.##..?.. #.#.# ...#
#..##... ..#)# .......#
##..##)# ..##.# .....#.#
#†#†.#o#..# #.# ######
##.#.@†..# #.# #[#.#...#.#
#.#
########################.#
.........................#
####.#####################
#.# ###


You could see an orc wizard.

Vanquished Creatures
  An adder (D:2)
  A worm (D:2)
  3 leopard geckos
  6 giant cockroaches
  3 goblins
  5 hobgoblins
  10 jackals
  A quokka (D:2)
  3 bats
  A frilled lizard (D:1)
  3 kobolds
  8 rats
45 creatures vanquished.

Notes
Turn   | Place    | Note
-------+----------+-------------------------------------------
     0 | D:1      | Alarak the Gnoll Wanderer began the quest for the Orb.
     0 | D:1      | Alarak set off with the following items: a +2 shortbow, 22
                  | arrows, a +0 ring mail, a scroll of teleportation
     0 | D:1      | Reached XP level 1. HP: 23/23 MP: 1/1
    28 | D:1      | Reached XP level 2. HP: 18/29 MP: 2/2
   792 | D:2      | Reached XP level 3. HP: 22/35 MP: 3/3
  1327 | D:2      | Reached skill level 1 in Invocations
  1652 | D:2      | Reached skill level 1 in Short Blades
  1652 | D:2      | Reached skill level 1 in Long Blades
  1652 | D:2      | Reached skill level 1 in Axes
  1652 | D:2      | Reached skill level 1 in Maces & Flails
  1652 | D:2      | Reached skill level 1 in Polearms
  1652 | D:2      | Reached skill level 1 in Staves
  1652 | D:2      | Reached skill level 1 in Slings
  1652 | D:2      | Reached skill level 1 in Crossbows
  1652 | D:2      | Reached skill level 1 in Throwing
  1652 | D:2      | Reached skill level 1 in Dodging
  1652 | D:2      | Reached skill level 1 in Unarmed Combat
  1652 | D:2      | Reached skill level 1 in Spellcasting
  1652 | D:2      | Reached skill level 1 in Evocations
  1761 | D:2      | Reached XP level 4. HP: 21/41 MP: 5/5
  1791 | D:2      | Killed from afar by an orc wizard

Illustrated notes

Levels and vault maps discovered:
D:1:      dpeg_arrival_water_temple_mockup, layout_basic
D:2:      minmay_diamond_boxcup, layout_basic

Skill      XL: |  1  2  3 |
---------------+----------+-----
Invocations    | 1 |  1.1
Short Blades   | 1 |  1.0
Long Blades    | 1 |  1.0
Axes           | 1 |  1.0
Maces & Flails | 1 |  1.0
Polearms       | 1 |  1.0
Staves         | 1 |  1.0
Slings         | 1 |  1.0
Crossbows      | 1 |  1.0
Throwing       | 1 |  1.0
Dodging        | 1 |  1.0
Unarmed Combat | 1 |  1.0
Spellcasting   | 1 |  1.0
Evocations     | 1 |  1.0
Fighting       | |  6.6
Bows           | |  4.6
Armour         | |  6.6
Stealth        | |  2.5
Shields        | |  2.7
Conjurations   | |  0.8
Hexes          | |  0.8
Summonings     | |  0.8
Necromancy     | |  0.8
Translocations | |  0.8
Transmutations | |  0.8
Fire Magic     | |  0.8
Ice Magic      | |  0.8
Air Magic      | |  0.8
Earth Magic    | |  0.8
Poison Magic   | |  0.8

Action                   |  1- 3 |  4- 6 || total
-------------------------+-------+-------++-------
Melee: Short sword       |   129 |    28 ||   157
       Bite              |    12 |     2 ||    14
       Punch             |     1 |       ||     1
 Fire: Shortbow          |    27 |       ||    27
Throw: Dart              |     2 |       ||     2
 Stab: Sleeping          |     3 |       ||     3
Armor: Ring mail         |    53 |     9 ||    62
Dodge: Dodged            |    95 |     5 ||   100
